 Dungeon Crawl Stone Soup version 0.23.1 (webtiles) character file.

Game seed: 14749478285275684959

110 misha the Shield-Bearer (level 4, -1/41 HPs)
             Began as a Minotaur Fighter on Mar 3, 2019.
             Succumbed to a gnoll's poison
             ... on level 4 of the Dungeon.
             The game lasted 00:05:43 (1422 turns).

misha the Shield-Bearer (Minotaur Fighter)          Turns: 1422, Time: 00:05:43

Health: -1/41      AC:  8    Str: 25    XL:     4   Next: 61%
Magic:  3/3        EV:  7    Int:  5    God:
Gold:   124        SH: 10    Dex: 11    Spells: 3/3 levels left

rFire    . . .     SeeInvis .   a - +0 flail
rCold    . . .     Gourm    .   c - +0 shield
rNeg     . . .     Faith    .   b - +0 scale mail
rPois    .         Spirit   .   (helmet restricted)
rElec    .         Reflect  .   (no cloak)
rCorr    .         Harm     .   (no gloves)
MR       .....                  g - +0 pair of boots {Stlth+}
Stlth    +.........             (no amulet)
HPRegen  0.13/turn              (no ring)
MPRegen  0.08/turn              (no ring)

@: mighty, lethally poisoned (-1 -> -18)
A: retaliatory headbutt, horns 2
a: no special abilities


You were on level 4 of the Dungeon.
You were hungry.

You visited 1 branch of the dungeon, and saw 3 of its levels.

You collected 124 gold pieces.

Inventory:

Hand Weapons
 a - a +0 flail (weapon)
Armour
 b - a +0 scale mail (worn)
 c - a +0 shield (worn)
 g - a +0 pair of boots of stealth (worn)
Jewellery
 p - an uncursed ring of stealth {unknown}
Scrolls
 h - 4 scrolls of teleportation {unknown}
 j - a scroll of magic mapping {unknown}
 k - a scroll of immolation {unknown}
 l - 3 scrolls of amnesia {unknown}
 o - a scroll of fog {unknown}
Potions
 e - a potion of flight {unknown}
 i - a potion of cancellation {unknown}
 m - 2 potions of heal wounds {unknown}
 n - a potion of lignification {unknown}
Comestibles
 f - 6 rations


   Skills:
 + Level 4.4 Fighting
 * Level 4.3 Maces & Flails
 - Level 4.0 Armour
 + Level 4.5 Shields


You had 3 spell levels left.
You didn't know any spells.
Your spell library was empty.

Dungeon Overview and Level Annotations

Branches:
Dungeon (2/15)

Altars:
Elyvilon

Annotations:
D:4 1 transporter, skk's ghost, amateur DsFi


Innate Abilities, Weirdness & Mutations

You reflexively headbutt those who attack you in melee.
You have a pair of horns on your head.


Message History

Things that are here:
a +0 whip; a gnoll corpse
* * * LOW HITPOINT WARNING * * *
You feel sick. You block the gnoll's attack.
You hit the gnoll.
The gnoll is moderately wounded.
* * * LOW HITPOINT WARNING * * *
You feel sick. You block the gnoll's attack. The gnoll closely misses you.
The gnoll hits the plant with a +0 flail!
You closely miss the gnoll. Your headbutt misses the gnoll.
The gnoll is moderately wounded.
* * * LOW HITPOINT WARNING * * *
You feel sick. The gnoll hits you but does no damage.
The gnoll hits you with a +0 halberd of venom.
* * * LOW HITPOINT WARNING * * *
You are more poisoned.
The gnoll hits the plant with a +0 flail.
You sock the gnoll! Your headbutt misses the gnoll.
The gnoll is almost dead.
You die...

≈≈≈≈≈≈≈≈≈≈≈≈≈≈≈≈≈≈≈≈≈≈≈≈≈.
≈≈≈≈≈≈≈≈≈≈≈≈≈≈≈≈≈≈≈≈≈≈≈≈≈.
≈#####......†....#####≈≈.
≈≈#...#.###.©.###.#...#≈≈.
≈≈#...###.#####©###..g#≈≈.
.≈≈###...............###≈≈.
######.≈≈.8#.######'######.#8.≈≈.
.......≈≈.##.#P⌠g#P.8#W.$#.##.≈≈.
.......≈≈.#..'..@gg©⌠#:.$+.g#.≈≈.
.......≈≈.##.#P⌠P#P.8#$.$#.##.≈≈.
.......≈≈.8#.######'######.#8.≈≈.
...>...≈≈###...............###≈≈.
.......≈≈#...###.#####.###...#≈≈.
##.....≈≈#...#.###.©.###.#..g#≈≈.
.......≈≈#####...........#####≈≈.
#####..≈≈≈≈≈≈≈≈≈≈≈...≈≈≈≈≈≈≈≈≈≈≈.
.# #..≈≈≈≈≈≈≈≈≈≈≈...≈≈≈≈≈≈≈≈≈≈≈.


You could see 3 gnolls.

Vanquished Creatures
  Terence (D:2)
  2 gnolls
  An adder (D:2)
  An ooze (D:2)
  A dart slug (D:1)
  A leopard gecko (D:2)
  A ball python (D:1)
  5 giant cockroaches
  5 goblins (D:1)
  5 hobgoblins (D:1)
  6 jackals
  A quokka (D:4)
  5 bats
  A frilled lizard (D:1)
  5 kobolds
  9 rats (D:1)
50 creatures vanquished.

Vanquished Creatures (others)
  A plant (D:4)
1 creature vanquished.

Grand Total: 51 creatures vanquished

Notes
Turn   | Place    | Note
-------+----------+-------------------------------------------
     0 | D:1      | misha the Minotaur Fighter began the quest for the Orb.
     0 | D:1      | Reached XP level 1. HP: 19/19 MP: 0/0
   154 | D:1      | Reached XP level 2. HP: 22/27 MP: 1/1
   440 | D:1      | Reached XP level 3. HP: 26/33 MP: 2/2
   975 | D:2      | Found a white marble altar of Elyvilon.
  1006 | D:2      | Reached XP level 4. HP: 40/40 MP: 3/3
  1073 | D:2      | Noticed Terence
  1078 | D:2      | Killed Terence
  1157 | D:2      | You fall through a shaft for 2 floors!
  1265 | D:4      | Found a transporter.
  1275 | D:4      | Noticed skk's ghost (amateur DsFi)
  1316 | D:4      | Found a transporter.
  1410 | D:4      | Paralysed by a gnoll for 7 turns
  1421 | D:4      | HP: 1/41 [gnoll/+0 halberd of venom (4)]
  1422 | D:4      | Succumbed to a gnoll's poison

Skill      XL: |  1  2  3  4 |
---------------+-------------+-----
Armour         | 4 |  4.0
Shields        | 4 |  4.5
Maces & Flails | 3 4 |  4.3
Fighting       | 4 |  4.4

Action                   |  1- 3 |  4- 6 || total
-------------------------+-------+-------++-------
Melee: Flail             |    95 |    26 ||   121
       Headbutt          |    12 |     4 ||    16
  Use: Potion            |       |     1 ||     1
  Eat: Chunk             |       |     1 ||     1
Armor: Scale mail        |    51 |    16 ||    67
Dodge: Dodged            |    29 |    16 ||    45
Block: Shield            |    58 |    21 ||    79
